 Dungeon Crawl Stone Soup version 0.27.1 (webtiles) character file.

Game seed: 11151781752580002970

4 nxtlvl the Ducker (level 1, -1/13 HPs)
             Began as a Deep Elf Monk on Aug 30, 2021.
             Was a Believer of Wu Jian.
             Slain by an orc wizard (2 damage)
             ... on level 2 of the Dungeon.
             The game lasted 00:01:31 (299 turns).

nxtlvl the Ducker (Deep Elf Monk)                    Turns: 299, Time: 00:01:32

Health: -1/13      AC:  3    Str:  8    XL:     1   Next: 50%
Magic:  3/3        EV: 10    Int: 14    God:    Wu Jian [**....]
Gold:   23         SH:  0    Dex: 17    Spells: 0/0 levels left

rFire    . . .     SeeInvis .   a - +0 short sword
rCold    . . .     Faith    .   (no shield)
rNeg     . . .     Spirit   .   b - +0 robe
rPois    .         Reflect  .   c - +0 helmet
rElec    .         Harm     .   (no cloak)
rCorr    .         Rampage  .   (no gloves)
Will     .....                  (no boots)
Stlth    +.........             (no amulet)
HPRegen  0.04/turn              (no ring)
MPRegen  0.08/turn              (no ring)

@: confused, constricted
A: no striking features
a: Renounce Religion, Wall Jump


You were on level 2 of the Dungeon.
You worshipped Wu Jian.
Wu Jian was pleased with you.
You visited 1 branch of the dungeon, and saw 2 of its levels.

You collected 23 gold pieces.

Inventory:

Hand Weapons
 a - a +0 short sword (weapon)
Missiles
 d - 15 poisoned darts (quivered)
Armour
 b - a +0 robe (worn)
 c - a +0 helmet (worn)
Scrolls
 f - a scroll of teleportation {unknown}


   Skills:
 - Level 2.4 Fighting
 * Level 3.3 Short Blades
 - Level 3.6 Dodging
 - Level 2.4 Stealth


You couldn't memorise any spells.
You didn't know any spells.
Your spell library contained the following spells:

 Spells                   Type           Power      Damage    Failure   Level
 Call Canine Familiar     Summ           0%         N/A       65%         3
 Portal Projectile        Hex/Tloc       0%         N/A       65%         3
 Leda's Liquefaction      Hex/Erth       0%         N/A       96%         4


Dungeon Overview and Level Annotations

Branches:
Dungeon (2/15)

Altars:
Wu Jian


Message History

You can now perform damaging attacks by moving towards foes.
The ball python bites you. The ball python closely misses you.
The orc wizard casts a spell at you.
You are confused.
The orc shouts!
Unknown command.
Press < or > to pray at altars.
The ball python misses you. The ball python closely misses you.
You hit the orc wizard.
The orc wizard is moderately wounded.
The bat hits you. The ball python closely misses you.
The ball python barely misses you. The ball python bites you.
The ball python closely misses you.
The orc wizard hits you with a +0 dagger.
You hit the ball python but do no damage.
The bat misses you. The ball python bites you.
* * * LOW HITPOINT WARNING * * *
The ball python completely misses you. The orc closely misses you.
The orc wizard hits you but does no damage.
You barely miss the ball python. The bat barely misses you.
The bat hits you but does no damage. The ball python barely misses you.
The ball python closely misses you.
You completely miss the orc wizard.
The orc wizard is moderately wounded.
The bat hits you but does no damage. The orc misses you.
The orc wizard misses you. The ball python barely misses you.
The ball python closely misses you.
A goblin comes into view. It is wielding a +0 club.
The goblin shouts!
The bat hits you.
* * * LOW HITPOINT WARNING * * *
The orc wizard mumbles some strange words.
The orc wizard flickers and vanishes!
Deactivating autopickup; reactivate with Ctrl-A.
You hit the ball python but do no damage.
The ball python bites you but does no damage.
The ball python grabs you. The ball python constricts you.
* * * LOW HITPOINT WARNING * * *
Something hits you.
You die...

..........# . .....
...# ..##...o ...#
#< ...... #...#
###.##..... ....###
......##.##.......
#.#..#.o{#.......
.......bo@.......
#.#..#..S#...#### #
#..##.##...# ...
#..........#
#....###.##..#....#
....[........#.#....
.....###.###.# ##g##
... #..#... .# .
##.#.#..


You could see 2 orcs, a goblin, a bat and a ball python.

Vanquished Creatures
  2 endoplasms (D:1)
  A ball python (D:1)
  A kobold (D:1)
4 creatures vanquished.

Notes
Turn   | Place    | Note
-------+----------+-------------------------------------------
     0 | D:1      | nxtlvl the Deep Elf Monk began the quest for the Orb.
     0 | D:1      | Reached XP level 1. HP: 13/13 MP: 3/3
   287 | D:2      | Found a faded altar of an unknown god.
   289 | D:2      | Noticed an orc wizard
   292 | D:2      | Became a worshipper of the Wu Jian Council
   292 | D:2      | Reached * piety under Wu Jian
   292 | D:2      | Reached ** piety under Wu Jian
   299 | D:2      | Slain by an orc wizard

Illustrated notes

Levels and vault maps discovered:
D:1:      dpeg_arrival_arbitrary_c, layout_basic, serial_rivers,
          chequers_serial_rivers_small_b, chequers_serial_rivers_micro_c,
          chequers_serial_rivers_micro_c, chequers_serial_rivers_marsh,
          chequers_serial_rivers_micro_e, chequers_serial_rivers_micro_c,
          hangedman_decor_lopped, minmay_tetromino_s4
D:2:      layout_basic, ebering_ecumenical_altar_box

Action                   || total
-------------------------++-------
Melee: Short sword       ||    15
  Use: Potion            ||     1
 Stab: Sleeping          ||     2
Armor: Robe              ||     5
Dodge: Dodged            ||    20
